 Dungeon Crawl Stone Soup version 0.30.1 (webtiles) character file.

Game seed: 1403531068227396704

1089 Graphine the Scholar of Death (level 8, -4/58 HPs)
             Began as a Vampire Necromancer on July 9, 2023.
             Was a Follower of Kikubaaqudgha.
             Slain by Edmund
             ... wielding a +4 dire flail of holy wrath
              (13 damage)
             ... on level 4 of the Dungeon.
             The game lasted 00:10:33 (2713 turns).

Graphine the Scholar of Death (Vampire Necromancer) Turns: 2713, Time: 00:10:33

Health: -4/58      AC:  9    Str:  7    XL:     8   Next: 9%
Magic:  7/13       EV: 14    Int: 19    God:    Kikubaaqudgha [*.....]
Gold:   142        SH:  0    Dex: 15    Spells: 1/14 levels left

rFire   . . .        c - +1 dagger
rCold   . . .        (no shield)
rNeg    . . .        g - +1 robe {Will+}
rPois   .            (no helmet)
rElec   .            (no cloak)
rCorr   .            e - +1 pair of gloves
SInv    +            (no boots)
Will    +....        d - amulet of faith
Stlth   +++          n - +4 ring of protection
HPRegen 0.49/turn    i - +4 ring of slaying
MPRegen 0.13/turn

%: faith
@: healing quickly
A: alive, fangs 3, see invisible, vampiric 2
a: Exsanguinate, Renounce Religion, Unearth Wretches


You were on level 4 of the Dungeon.
You worshipped Kikubaaqudgha.
Kikubaaqudgha was aware of your devotion.
You visited 2 branches of the dungeon, and saw 5 of its levels.

You collected 142 gold pieces.

Inventory:

Hand Weapons
 b - a +2 spectral club
 c - a +1 dagger (weapon)
Armour
 e - a +1 pair of gloves (worn)
 g - a +1 robe of willpower (worn)
Jewellery
 d - an amulet of faith (around neck)
 i - a +4 ring of slaying (right hand)
 n - a +4 ring of protection (left hand)
 p - a +6 ring of dexterity
Wands
 q - a wand of charming (22)
Scrolls
 a - a scroll of vulnerability {unknown}
 k - a scroll of amnesia
 l - 3 scrolls of immolation
 r - a scroll of noise
Potions
 f - 2 potions of heal wounds
 h - 2 potions of flight
 j - a potion of degeneration {unknown}
 m - a potion of resistance
 o - a potion of attraction {unknown}
 s - a potion of lignification


   Skills:
 + Level 3.2 Fighting
 + Level 4.9 Dodging
 + Level 6.6 Stealth
 + Level 3.8 Spellcasting
 * Level 7.5 Necromancy


You had one spell level left.
You knew the following spells:

 Your Spells              Type           Power      Damage    Failure   Level
a - Necrotise             Necr           100%       1d9       1%          1
b - Vampiric Draining     Necr           32%        2d8       1%          3
c - Animate Dead          Necr           32%        N/A       6%          4
d - Agony                 Necr           32%        N/A       19%         5

Your spell library contained the following spells:

 Spells                   Type           Power      Damage    Failure   Level
 Kiss of Death            Conj/Necr      68%        2d10      3%          1
 Foxfire                  Conj/Fire      12%        2x1d4     14%         1
 Sandblast                Erth           6%         2d5       14%         1
 Shock                    Conj/Air       12%        1d3       14%         1
 Slow                     Hex            12%        N/A       14%         1
 Summon Small Mammal      Summ           12%        N/A       14%         1
 Cigotuvi's Dreadful Rot  Necr/Pois/Air  26%        N/A       8%          2
 Passwall                 Tmut/Erth      2%         N/A       22%         2
 Call Canine Familiar     Summ           3%         N/A       38%         3
 Confusing Touch          Hex            3%         N/A       38%         3
 Stone Arrow              Conj/Erth      6%         3d7       38%         3
 Summon Guardian Golem    Hex/Summ       3%         N/A       38%         3
 Swiftness                Air            3%         N/A       38%         3
 Airstrike                Air            1%         2d(1-17)  80%         4
 Fireball                 Conj/Fire      1%         3d3       98%         5
 Plasma Beam              Fire/Air       1%         2x1d12    100%        6
 Starburst                Conj/Fire      1%         6d3       100%        6


Dungeon Overview and Level Annotations

Branches:
Dungeon (4/15)             Temple (1/1) D:4

Altars:
Fedhas
Kikubaaqudgha
Okawaru
Qazlal
Sif Muna
Trog
Uskayaw
Wu Jian

Annotations:
D:4 Edmund


Innate Abilities, Weirdness & Mutations

Your natural rate of healing is accelerated.
You have razor-sharp teeth.
You have supernaturally acute eyesight. (SInv)
You are afflicted with vampirism and can become a bat while bloodless.


Message History

Edmund hits you with a +4 dire flail of holy wrath.
You convulse!
Hit: c) +1 dagger
Press: ? - help, Dir - move target, f/p - Edmund
Aim: Edmund, wielding a +4 dire flail of holy wrath and wearing a +1 chain mail of poison resistance (heavily wounded, about 25% to evade your +1 dagger)
You hit Edmund.
Edmund is heavily wounded.
Edmund barely misses you.
Hit: c) +1 dagger
Press: ? - help, Dir - move target, f/p - Edmund
Aim: Edmund, wielding a +4 dire flail of holy wrath and wearing a +1 chain mail of poison resistance (heavily wounded, about 25% to evade your +1 dagger)
You barely miss Edmund. You bite Edmund, but do no damage.
Edmund is heavily wounded.
Edmund closely misses you.
Hit: c) +1 dagger
Press: ? - help, Dir - move target, f/p - Edmund
Aim: Edmund, wielding a +4 dire flail of holy wrath and wearing a +1 chain mail of poison resistance (heavily wounded, about 25% to evade your +1 dagger)
You hit Edmund.
Edmund is heavily wounded.
Edmund hits you with a +4 dire flail of holy wrath.
You convulse.
Hit: c) +1 dagger
Press: ? - help, Dir - move target, f/p - Edmund
Aim: Edmund, wielding a +4 dire flail of holy wrath and wearing a +1 chain mail of poison resistance (heavily wounded, about 25% to evade your +1 dagger)
You hit Edmund but do no damage.
Edmund is heavily wounded.
Edmund hits you with a +4 dire flail of holy wrath!
You convulse!
* * * LOW HITPOINT WARNING * * *
Casting: Agony (quite dangerous; 19% risk of failure)
Confirm with . or Enter, or press ? or * to list all spells.
Aiming: Vampiric Draining (safe; 1% risk of failure)
Press: ? - help, Shift-Dir - straight line, f/p - Edmund
Aim: Edmund, wielding a +4 dire flail of holy wrath and wearing a +1 chain mail of poison resistance (heavily wounded)
You draw life force from Edmund!
You feel life coursing into your body.
Edmund hits you with a +4 dire flail of holy wrath!
* * * LOW HITPOINT WARNING * * *
You convulse!
You die...
Kikubaaqudgha rasps: "You have failed me!
Welcome... death!"

...# ##.## #### #.# #
#.# # ##'## # ##...##
# # ## ##.....##
.###.# .# ##.....(.##
#...... .#
#.........####...##
...+..[......'..@@...#
.###.........####...##
.# ##.......## #.## .#
##.....## ## .#
##...## ##+##


You could see Edmund.

Vanquished Creatures
  Pikel (D:4)
  Sigmund (D:3)
  An ogre (D:4)
  2 lemures (D:4)
  2 scorpions (D:4)
  A howler monkey (D:4)
  An orc priest (D:4)
  2 jellies (D:4)
  A hound (D:4)
  Ijyb (D:4)
  An adder (D:2)
  2 worms
  A dart slug (D:1)
  8 orcs
  5 endoplasms
  4 giant cockroaches
  3 goblins
  4 hobgoblins
  2 jackals (D:2)
  4 quokkas
  6 ball pythons
  2 bats
  2 frilled lizards
  3 kobolds
  10 rats
70 creatures vanquished.

Vanquished Creatures (collateral kills)
  An endoplasm (D:1)
  A goblin (D:2)
  A ball python (D:2)
3 creatures vanquished.

Grand Total: 73 creatures vanquished

Notes
Turn   | Place    | Note
-------+----------+-------------------------------------------
     0 | D:1      | Graphine the Vampire Necromancer began the quest for the
                  | Orb.
     0 | D:1      | Reached XP level 1. HP: 13/13 MP: 3/3
    79 | D:1      | Reached XP level 2. HP: 7/19 MP: 0/5
   602 | D:2      | Gained mutation: You are afflicted with vampirism and can
                  | become a bat while bloodless. [Vampire growth]
   602 | D:2      | Reached XP level 3. HP: 25/25 MP: 6/6
  1144 | D:2      | Learned a level 3 spell: Vampiric Draining
  1159 | D:3      | Noticed Sigmund
  1186 | D:3      | Killed Sigmund
  1187 | D:3      | Reached skill level 1 in Fighting
  1187 | D:3      | Reached skill level 5 in Necromancy
  1187 | D:3      | Reached XP level 4. HP: 33/33 MP: 1/8
  1187 | D:3      | Reached XP level 5. HP: 38/38 MP: 1/9
  1783 | D:4      | Found a staircase to the Ecumenical Temple.
  1793 | Temple   | Entered the Ecumenical Temple
  1799 | Temple   | Became a worshipper of Kikubaaqudgha
  1891 | D:4      | Reached XP level 6. HP: 25/44 MP: 0/10
  2166 | D:4      | Found a shimmering blue altar of Sif Muna.
  2214 | D:4      | Noticed Pikel
  2258 | D:4      | Killed Pikel
  2259 | D:4      | Reached skill level 6 in Necromancy
  2259 | D:4      | Reached XP level 7. HP: 27/51 MP: 4/12
  2270 | D:4      | Reached skill level 7 in Necromancy
  2511 | D:4      | Reached XP level 8. HP: 41/58 MP: 9/13
  2640 | D:4      | Reached * piety under Kikubaaqudgha
  2640 | D:4      | Received a gift from Kikubaaqudgha
  2646 | D:4      | Learned a level 4 spell: Animate Dead
  2652 | D:4      | Learned a level 5 spell: Agony
  2673 | D:4      | Noticed Ijyb
  2677 | D:4      | Killed Ijyb
  2694 | D:4      | Noticed Edmund
  2713 | D:4      | Slain by Edmund

Illustrated notes

Levels and vault maps discovered:
D:1:      ncdulo_lavacross, layout_rooms
D:2:      layout_basic
D:3:      layout_rooms, st_stairs_11, hangedman_decor_points,
          chequers_serial_rivers_micro_e, uniq_sigmund
D:4:      layout_loops_corners, lemuel_blue_sif_altar, temple_pool_b, uniq_ijyb,
          uniq_edmund, uniq_pikel
Temple:   hellmonk_temple_two_chambers

Skill      XL: |  1  2  3  4  5  6  7 |
---------------+----------------------+-----
Fighting       | 1 2 3 |  3.2
Dodging        | 3 4 |  4.9
Stealth        | 4 6 |  6.6
Necromancy     | 5 6 7 |  7.5
Spellcasting   | 3 |  3.8

Action                     |  1- 3 |  4- 6 |  7- 9 || total
---------------------------+-------+-------+-------++-------
  Melee: Unarmed           |    31 |       |       ||    31
         Bite              |     6 |    15 |     9 ||    30
         Dagger            |    43 |    85 |    65 ||   193
         Punch             |     1 |       |       ||     1
   Cast: Necrotise         |    36 |     2 |       ||    38
         Vampiric Draining |     2 |    10 |     5 ||    17
         Agony             |       |       |     1 ||     1
    Use: Scroll            |     4 |     9 |       ||    13
         Potion            |     1 |     1 |       ||     2
   Stab: Sleeping          |     3 |     5 |     2 ||    10
         Distracted        |       |     1 |     1 ||     2
 Armour: Robe              |    24 |    28 |    11 ||    63
  Dodge: Dodged            |    58 |    38 |    39 ||   135
